[Event "XX Gran Hotel Bali-B 2023"]
[Site "Benidorm"]
[Date "2023.12.02"]
[Round "1.1"]
[White "Sanchez Lopez, Jesus"]
[Black "De Luna Butz, Alberto"]
[Result "1-0"]
[ECO "B01"]
[WhiteElo "1993"]
[BlackElo "1617"]
[Annotator "NA RC"]
[PlyCount "167"]
[EventDate "2023.12.02"]
[EventType "swiss"]
[EventCountry "ESP"]
[SourceTitle "playchess.com"]
[Source "ChessBase"]
[SourceQuality "1"]
[TimeControl "5400+30"]

1. e4 d5 2. exd5 Qxd5 3. Nc3 Qd6 4. d4 Nf6 5. Nf3 c6 6. Be3 Bf5 7. Nh4 Bg6 8. Qd2 e6 9. Nxg6 hxg6 10. O-O-O Qc7 11. Kb1 Nbd7 12. h3 O-O-O 13. Bf4 Bd6 14. Bxd6 Qxd6 15. Bc4 Nb6 16. Bb3 Nbd5 17. Bxd5 exd5 18. f3 Rde8 19. Rhe1 Rxe1 20. Rxe1 Re8 21. Rxe8+ Nxe8 22. Qe3 Nc7 23. Kc1 Kd7 24. Ne2 Ne6 25. c3 g5 26. g3 b5 27. a3 a5 28. Kc2 f6 29. f4 gxf4 30. gxf4 g5 31. fxg5 fxg5 32. Kb1 Qe7 33. Qe5 Qh7+ 34. Ka2 Qxh3 35. Ng3 Qh2 36. Qb8 a4 37. Qa7+ Nc7 38. Nf5 g4 39. Qc5 Ke6 40. Qf8 Qh7 41. Ne3 Qf7 42. Qc8+ Qd7 43. Qg8+ Kd6 44. Qf8+ Ke6 45. Nxg4 Qf7 46. Qxf7+ Kxf7 47. Ne5+ Ke7 48. Nxc6+ Ke6 49. Nb4 Kd6 50. Nd3 Ne6 51. Kb1 Ng5 52. Nc5 Nf7 53. Kc2 Nd8 54. Nd3 Nc6 55. Nf4 Na5 56. Ng2 Nc4 57. Ne1 Ke6 58. Nf3 Kd6 59. Nd2 Nb6 60. Kd3 Ke6 61. Nf3 Nc4 62. Kc2 Kd6 63. Nd2 Nb6 64. b3 axb3+ 65. Kxb3 Na4 66. Kb4 Kc6 67. Nf3 Nb2 68. Ne5+ Kb6 69. Ng6 Nd3+ 70. Kb3 Nc1+ 71. Kc2 Ne2 72. Kd3 Nc1+ 73. Kd2 Nb3+ 74. Kc2 Na5 75. Ne7 Nc4 76. Nxd5+ Ka5 77. Kb3 Nd2+ 78. Ka2 Ne4 79. Kb2 Nd2 80. Ne3 Nf3 81. Kc2 Ka4 82. Kb2 Nd2 83. d5 Ne4 84. Nf5 1-0

[Event "XX Gran Hotel Bali-B 2023"]
[Site "Benidorm"]
[Date "2023.12.02"]
[Round "1.2"]
[White "Diez Machin, Vicente"]
[Black "Lloret Mauri, Jaime"]
[Result "0-1"]
[ECO "C02"]
[WhiteElo "1647"]
[BlackElo "1997"]
[Annotator "NA RC"]
[PlyCount "110"]
[EventDate "2023.12.02"]
[EventType "swiss"]
[EventCountry "ESP"]
[SourceTitle "playchess.com"]
[Source "ChessBase"]
[SourceQuality "1"]
[TimeControl "5400+30"]

1. e4 e6 2. d4 d5 3. e5 c5 4. c3 Nc6 5. Nf3 Qb6 6. a3 a5 7. Bd3 Bd7 8. Bc2 Qa6 9. a4 cxd4 10. cxd4 Nb4 11. Nc3 Ne7 12. Nb5 Nxc2+ 13. Qxc2 Bxb5 14. axb5 Qxb5 15. Qa4 Qxa4 16. Rxa4 Nc6 17. Bd2 Bb4 18. Bxb4 Nxb4 19. Kd2 Kd7 20. Rc1 b6 21. Rc3 Rac8 22. Ne1 Rc6 23. Rg3 Rg8 24. Raa3 Rc4 25. Rg4 Nc6 26. Nf3 h6 27. h4 h5 28. Rf4 Ke7 29. Rb3 Nb4 30. Ne1 f6 31. exf6+ gxf6 32. Rbf3 Rg6 33. b3 Rc6 34. g3 b5 35. Rc3 Kd6 36. Rcf3 f5 37. Re3 Rg7 38. Rc3 Rgc7 39. Rff3 Na2 40. Rxc6+ Rxc6 41. Ng2 Nb4 42. Nf4 Rc2+ 43. Kd1 Rb2 44. Kc1 Ra2 45. Nxh5 Rxf2 46. Re3 Nc6 47. Rd3 Nb4 48. Re3 Nc2 49. Rd3 Ne1 50. Re3 Ng2 51. Re5 f4 52. Ng7 fxg3 53. Rxe6+ Kd7 54. h5 Nf4 55. Re1 g2 0-1

[Event "XX Gran Hotel Bali-B 2023"]
[Site "Benidorm"]
[Date "2023.12.02"]
[Round "1.3"]
[White "Talledo Lagos, Cesar Frank"]
[Black "Far Perez, Pedro Juan"]
[Result "1-0"]
[ECO "A46"]
[WhiteElo "1993"]
[BlackElo "1579"]
[Annotator "NA RC"]
[PlyCount "63"]
[EventDate "2023.12.02"]
[EventType "swiss"]
[EventCountry "ESP"]
[SourceTitle "playchess.com"]
[Source "ChessBase"]
[SourceQuality "1"]
[TimeControl "5400+30"]

1. d4 Nf6 2. Bf4 e6 3. Nf3 c5 4. e3 Nc6 5. c3 h6 6. Nbd2 Nh5 7. Bg3 Nxg3 8. hxg3 a6 9. Bd3 d5 10. O-O Qb6 11. Rb1 Bd7 12. b4 cxd4 13. cxd4 Qa7 14. a3 Bd6 15. Nb3 Ne7 16. Nc5 Bb5 17. Bxb5+ axb5 18. Qd3 O-O 19. Qxb5 b6 20. Nd7 Rfd8 21. Nde5 f6 22. Nd3 Qxa3 23. Ra1 Qc3 24. Rxa8 Rxa8 25. Qd7 Bxb4 26. Qxe6+ Kf8 27. Nf4 Qc7 28. Nh4 Qd6 29. Nhg6+ Ke8 30. Qg4 f5 31. Qh5 Qf6 32. Nxe7+ 1-0

[Event "XX Gran Hotel Bali-B 2023"]
[Site "Benidorm"]
[Date "2023.12.02"]
[Round "1.4"]
[White "Butragueno Nieto, Jorge"]
[Black "Vladut, Matei"]
[Result "0-1"]
[ECO "A40"]
[WhiteElo "1636"]
[BlackElo "1989"]
[Annotator "NA RC"]
[PlyCount "126"]
[EventDate "2023.12.02"]
[EventType "swiss"]
[EventCountry "ESP"]
[SourceTitle "playchess.com"]
[Source "ChessBase"]
[SourceQuality "1"]
[TimeControl "5400+30"]

1. d4 c5 2. d5 g6 3. c4 Bg7 4. Nc3 Bxc3+ 5. bxc3 f5 6. Nf3 Nf6 7. Bh6 Ne4 8. Qc2 Qa5 9. Rc1 d6 10. e3 Nd7 11. Bd3 Ndf6 12. h3 Bd7 13. Nd2 Nxd2 14. Qxd2 O-O-O 15. Bg7 Rhg8 16. Bxf6 exf6 17. O-O h5 18. Qc2 h4 19. a4 Rde8 20. Rb1 Kc7 21. Rb2 Re5 22. Rfb1 Rb8 23. Ra2 Re7 24. Rab2 Kc8 25. Ra2 Rg7 26. Kh1 Re7 27. Kg1 Rg7 28. Kh1 Qd8 29. a5 Qe7 30. Rab2 Qe5 31. Qd2 Kc7 32. Bc2 Qe8 33. f3 Re7 34. e4 fxe4 35. Bxe4 g5 36. Qf2 f5 37. Bd3 Qh8 38. Qd2 g4 39. f4 gxh3 40. gxh3 Rg7 41. Bf1 Rg3 42. Rb3 Qg7 43. Bg2 Ba4 44. Ra3 Rg8 45. Ra2 Bd7 46. Rab2 Bc8 47. Re1 Qf6 48. Re3 Rxg2 49. Qxg2 Rxg2 50. Rxg2 Qf7 51. Rge2 Kd8 52. Re1 Bd7 53. Rb1 Kc8 54. Rbe1 Qf6 55. Rg1 Qf7 56. Re2 b5 57. cxb5 Qxd5+ 58. Kh2 Bxb5 59. c4 Qxc4 60. Reg2 Qxf4+ 61. Kh1 Bc6 62. a6 Qg3 63. Rf1 Qxg2# 0-1

[Event "XX Gran Hotel Bali-B 2023"]
[Site "Benidorm"]
[Date "2023.12.02"]
[Round "1.5"]
[White "Perez Gonzalez, Daniel"]
[Black "Armao, Olivier"]
[Result "1-0"]
[ECO "B39"]
[WhiteElo "1984"]
[BlackElo "1656"]
[Annotator "NA RC"]
[PlyCount "69"]
[EventDate "2023.12.02"]
[EventType "swiss"]
[EventCountry "ESP"]
[SourceTitle "playchess.com"]
[Source "ChessBase"]
[SourceQuality "1"]
[TimeControl "5400+30"]

1. e4 c5 2. Nf3 g6 3. c4 Bg7 4. d4 cxd4 5. Nxd4 Nc6 6. Be3 Nf6 7. Nc3 Ng4 8. Qxg4 Nxd4 9. Qd1 Ne6 10. Rc1 d6 11. Be2 O-O 12. O-O Bd7 13. Qd2 Bc6 14. f3 Re8 15. b4 b6 16. Nd5 Rc8 17. f4 Nc7 18. f5 Nxd5 19. cxd5 Bd7 20. fxg6 hxg6 21. Ba6 Rxc1 22. Rxc1 Ba4 23. b5 Qd7 24. Qb4 Qg4 25. Qxa4 Be5 26. Qc2 Qh4 27. h3 Qg3 28. Qf2 Qh2+ 29. Kf1 f5 30. exf5 gxf5 31. Qxf5 Qg3 32. Qg5+ Qxg5 33. Bxg5 Rf8+ 34. Ke2 Rf7 35. Rc7 1-0

[Event "XX Gran Hotel Bali-B 2023"]
[Site "Benidorm"]
[Date "2023.12.02"]
[Round "1.6"]
[White "Ainsa Jimenez, Lucas"]
[Black "Fabre Massana, Miquel"]
[Result "0-1"]
[ECO "B56"]
[WhiteElo "1582"]
[BlackElo "1982"]
[Annotator "NA RC"]
[PlyCount "160"]
[EventDate "2023.12.02"]
[EventType "swiss"]
[EventCountry "ESP"]
[SourceTitle "playchess.com"]
[Source "ChessBase"]
[SourceQuality "1"]
[TimeControl "5400+30"]

1. e4 c5 2. Nf3 d6 3. d4 cxd4 4. Nxd4 Nf6 5. Nc3 Nc6 6. f3 e5 7. Nb3 Be6 8. Bg5 Be7 9. Bxf6 Bxf6 10. Nd5 Bg5 11. g3 a5 12. h4 Be7 13. Bc4 Rc8 14. Bb5 O-O 15. Bxc6 bxc6 16. Nxe7+ Qxe7 17. Nxa5 d5 18. c3 dxe4 19. fxe4 Qc5 20. Nb3 Qe3+ 21. Qe2 Qxg3+ 22. Qf2 Qxf2+ 23. Kxf2 f5 24. Nc5 fxe4+ 25. Ke2 Bc4+ 26. Ke1 Rf3 27. b3 Re3+ 28. Kf2 Re2+ 29. Kg3 Bd3 30. Rhe1 Rc2 31. Nxe4 Bxe4 32. Rxe4 Rxc3+ 33. Kg4 Re8 34. Rae1 Rc5 35. b4 Rd5 36. Rc1 Re6 37. a4 Kf7 38. a5 Rg6+ 39. Kf3 Ke7 40. a6 Kd6 41. a7 Rd3+ 42. Re3 Rxe3+ 43. Kxe3 Rg3+ 44. Ke4 Ra3 45. Rd1+ Kc7 46. Rg1 g6 47. h5 Rxa7 48. hxg6 hxg6 49. Kxe5 Ra4 50. Rg4 Kb6 51. Rc4 Ra8 52. Kf6 Rc8 53. Kxg6 Kb5 54. Rd4 Rf8 55. Kg5 Rf1 56. Re4 Rb1 57. Kf5 Rxb4 58. Re3 Rd4 59. Ke5 c5 60. Rb3+ Kc4 61. Rb1 Rd3 62. Ke4 Rb3 63. Rc1+ Kb4 64. Kd5 Rd3+ 65. Ke4 c4 66. Ra1 Rd8 67. Rb1+ Ka3 68. Rb5 c3 69. Rc5 Kb2 70. Rb5+ Kc1 71. Ke3 c2 72. Ke2 Re8+ 73. Kf3 Kd2 74. Rd5+ Kc3 75. Rc5+ Kd3 76. Rc7 Re1 77. Rd7+ Kc3 78. Rc7+ Kb3 79. Rb7+ Ka4 80. Ra7+ Kb5 0-1

[Event "XX Gran Hotel Bali-B 2023"]
[Site "Benidorm"]
[Date "2023.12.02"]
[Round "1.7"]
[White "Cebrian Flores, Juan Antonio"]
[Black "Ilinca Ilinca, Filip Antonio"]
[Result "0-1"]
[ECO "D41"]
[WhiteElo "1981"]
[BlackElo "1642"]
[Annotator "NA RC"]
[PlyCount "70"]
[EventDate "2023.12.02"]
[EventType "swiss"]
[EventCountry "ESP"]
[SourceTitle "playchess.com"]
[Source "ChessBase"]
[SourceQuality "1"]
[TimeControl "5400+30"]

1. d4 d5 2. c4 e6 3. Nc3 Nf6 4. cxd5 Nxd5 5. e4 Nxc3 6. bxc3 c5 7. Nf3 cxd4 8. cxd4 Bb4+ 9. Bd2 Bxd2+ 10. Qxd2 O-O 11. Bc4 Nd7 12. O-O Nf6 13. Rfe1 b6 14. Rad1 Bb7 15. Qf4 Rc8 16. Bd3 h6 17. d5 exd5 18. e5 Nd7 19. Qf5 g6 20. Qg4 Kh7 21. h4 Rg8 22. h5 Nc5 23. hxg6+ fxg6 24. Bb1 Qe7 25. Nd4 Qg5 26. Qxg5 hxg5 27. Nb5 Rcd8 28. f3 Kg7 29. Nd4 Rge8 30. Kf2 Re7 31. g3 g4 32. f4 Rf8 33. Kg1 Ne4 34. Kg2 Rh8 35. Rh1 Rh3 0-1

[Event "XX Gran Hotel Bali-B 2023"]
[Site "Benidorm"]
[Date "2023.12.02"]
[Round "1.8"]
[White "Gottfried, Andreas"]
[Black "Sempere Domenech, Abel"]
[Result "0-1"]
[ECO "C50"]
[WhiteElo "1626"]
[BlackElo "1981"]
[Annotator "NA RC"]
[PlyCount "70"]
[EventDate "2023.12.02"]
[EventType "swiss"]
[EventCountry "ESP"]
[SourceTitle "playchess.com"]
[Source "ChessBase"]
[SourceQuality "1"]
[TimeControl "5400+30"]

1. e4 e5 2. Nf3 Nc6 3. Bc4 Bc5 4. d3 Nf6 5. O-O d6 6. Nc3 h6 7. Be3 Bb6 8. a3 Bg4 9. Bxb6 axb6 10. Bb5 O-O 11. Bxc6 bxc6 12. h3 Bh5 13. g4 Nxg4 14. Nxe5 Nf6 15. Ng4 Nh7 16. Nxh6+ gxh6 17. Qxh5 Qf6 18. f4 Ra5 19. Qf3 Kh8 20. Kh2 Rg8 21. Rg1 Rg6 22. Rg4 Rh5 23. Rag1 Ng5 24. Rxg5 Rhxg5 25. Rxg5 hxg5 26. f5 Rh6 27. Qg2 Qg7 28. Qg4 Kh7 29. Nd1 Qe5+ 30. Kg2 f6 31. c3 d5 32. Ne3 Rh4 33. Qg3 dxe4 34. d4 Qxg3+ 35. Kxg3 Rf4 0-1

[Event "XX Gran Hotel Bali-B 2023"]
[Site "Benidorm"]
[Date "2023.12.02"]
[Round "1.9"]
[White "Alcaraz Soriano, Angela"]
[Black "Domingo Moratalla, Julio"]
[Result "1/2-1/2"]
[ECO "D52"]
[WhiteElo "1977"]
[BlackElo "1638"]
[Annotator "NA RC"]
[PlyCount "62"]
[EventDate "2023.12.02"]
[EventType "swiss"]
[EventCountry "ESP"]
[SourceTitle "playchess.com"]
[Source "ChessBase"]
[SourceQuality "1"]
[TimeControl "5400+30"]

1. d4 Nf6 2. c4 e6 3. Nf3 d5 4. Bg5 c6 5. Nc3 Nbd7 6. e3 Qa5 7. Nd2 Bb4 8. Qc2 dxc4 9. Bxf6 Nxf6 10. Nxc4 Qg5 11. a3 Be7 12. g3 O-O 13. Bg2 Rd8 14. O-O Bd7 15. e4 Be8 16. Rad1 Rab8 17. f4 Qh6 18. Rfe1 b5 19. Ne3 Qh5 20. f5 b4 21. axb4 Bxb4 22. fxe6 fxe6 23. e5 Nd5 24. Ncxd5 cxd5 25. Rf1 Qg5 26. Rf4 Rdc8 27. Qf2 Bh5 28. g4 Rf8 29. Rxf8+ Rxf8 30. Qe2 Bg6 31. Rf1 Rxf1+ 1/2-1/2

[Event "XX Gran Hotel Bali-B 2023"]
[Site "Benidorm"]
[Date "2023.12.02"]
[Round "1.10"]
[White "Shaffer, Alexander"]
[Black "Tudela Gonzalez, Victor"]
[Result "0-1"]
[ECO "E92"]
[WhiteElo "1634"]
[BlackElo "1957"]
[Annotator "NA RC"]
[PlyCount "54"]
[EventDate "2023.12.02"]
[EventType "swiss"]
[EventCountry "ESP"]
[SourceTitle "playchess.com"]
[Source "ChessBase"]
[SourceQuality "1"]
[TimeControl "5400+30"]

1. d4 Nf6 2. c4 g6 3. Nc3 Bg7 4. e4 d6 5. Nf3 O-O 6. Be2 e5 7. dxe5 dxe5 8. Qxd8 Rxd8 9. Bg5 Re8 10. O-O-O h6 11. Bxf6 Bxf6 12. Nb5 Na6 13. c5 Be6 14. Kb1 Re7 15. Rc1 Rd7 16. c6 bxc6 17. Rxc6 Bxa2+ 18. Ka1 Nb4 19. Rxf6 Be6 20. Nxe5 Rd2 21. Nc3 Rb8 22. Bc4 Nc2+ 23. Ka2 Nd4 24. Rb1 Rb6 25. Rxe6 fxe6 26. Nd3 Rc6 27. Ne5 Rc5 0-1

[Event "XX Gran Hotel Bali-B 2023"]
[Site "Benidorm"]
[Date "2023.12.02"]
[Round "1.11"]
[White "Navarro Rico, Lluis"]
[Black "Galiana Fernandez, Hector"]
[Result "1-0"]
[ECO "D80"]
[WhiteElo "1937"]
[BlackElo "1555"]
[Annotator "NA RC"]
[PlyCount "47"]
[EventDate "2023.12.02"]
[EventType "swiss"]
[EventCountry "ESP"]
[SourceTitle "playchess.com"]
[Source "ChessBase"]
[SourceQuality "1"]
[TimeControl "5400+30"]

1. c4 Nf6 2. Nc3 d5 3. e3 g6 4. Qb3 c6 5. Nf3 Bg7 6. cxd5 Nxd5 7. Bc4 e6 8. d4 O-O 9. h4 Nxc3 10. bxc3 c5 11. Ba3 Nd7 12. h5 Re8 13. Rd1 a6 14. dxc5 Qc7 15. hxg6 hxg6 16. c6 Qxc6 17. Rd6 Qe4 18. Rh4 Qf5 19. Rf4 Nc5 20. Qb4 Ne4 21. Rxf5 Bxc3+ 22. Qxc3 Nxc3 23. Rf4 b5 24. Bb4 1-0

[Event "XX Gran Hotel Bali-B 2023"]
[Site "Benidorm"]
[Date "2023.12.02"]
[Round "1.12"]
[White "Ramos Garcia, Miguel"]
[Black "Medina Romero, Jose"]
[Result "0-1"]
[ECO "C41"]
[WhiteElo "1609"]
[BlackElo "1963"]
[Annotator "NA RC"]
[PlyCount "132"]
[EventDate "2023.12.02"]
[EventType "swiss"]
[EventCountry "ESP"]
[SourceTitle "playchess.com"]
[Source "ChessBase"]
[SourceQuality "1"]
[TimeControl "5400+30"]

1. e4 e5 2. Nf3 d6 3. h3 Nf6 4. d3 Be7 5. Be2 O-O 6. O-O c6 7. Bg5 Re8 8. Re1 Nbd7 9. Nbd2 h6 10. Bh4 Nf8 11. Bf1 g5 12. Bg3 Ng6 13. d4 Bf8 14. dxe5 dxe5 15. Nc4 Qc7 16. b3 Bd7 17. Nb2 Rad8 18. Qe2 Nh5 19. Bh2 Nhf4 20. Qe3 b6 21. Nd3 Bg7 22. Rad1 Be6 23. Kh1 Qe7 24. a4 Rd7 25. Ng1 Red8 26. Qc1 Qf6 27. Bxf4 gxf4 28. Nf3 c5 29. Nb2 Nh4 30. Be2 Nxf3 31. Bxf3 Qh4 32. Kg1 Bf8 33. Rxd7 Rxd7 34. Rd1 Qd8 35. Rxd7 Qxd7 36. Qd1 Qd4 37. Qxd4 cxd4 38. Nd3 f6 39. Kf1 Bc5 40. Ke2 Kf7 41. Bh5+ Ke7 42. Bg6 Bd6 43. Kf3 Bc5 44. h4 Bd6 45. g3 fxg3 46. Kxg3 f5 47. f4 exf4+ 48. Nxf4 Kf6 49. Bh7 Bxb3 50. cxb3 d3 51. Kf3 Bxf4 52. Bxf5 Ke5 53. Bh7 a5 54. Bg6 Bd2 55. Bh7 Bc1 56. Bg6 Bf4 57. Bh7 Kd4 58. Kf2 Kc3 59. Ke1 Kc2 60. e5 Bxe5 61. h5 Bf4 62. Bg6 Bd2+ 63. Kf2 Kc3 64. Bf7 Kc2 65. Be6 Be1+ 66. Kf1 d2 0-1

[Event "XX Gran Hotel Bali-B 2023"]
[Site "Benidorm"]
[Date "2023.12.02"]
[Round "2.1"]
[White "Ochoa Gonzalez, Hugo"]
[Black "Sanchez Lopez, Jesus"]
[Result "1-0"]
[ECO "C29"]
[WhiteElo "1788"]
[BlackElo "1993"]
[Annotator "NA RC"]
[PlyCount "81"]
[EventDate "2023.12.02"]
[EventType "swiss"]
[EventCountry "ESP"]
[SourceTitle "playchess.com"]
[Source "ChessBase"]
[SourceQuality "1"]
[TimeControl "5400+30"]

1. e4 e5 2. Nc3 Nf6 3. f4 d5 4. fxe5 Nxe4 5. Qf3 Nxc3 6. bxc3 c5 7. Qg3 g6 8. Nf3 Bg7 9. d4 O-O 10. Bd3 Qa5 11. Bd2 c4 12. Be2 Bf5 13. h4 h5 14. O-O Bg4 15. Rae1 Qxa2 16. Ng5 Qxc2 17. Bxg4 hxg4 18. e6 f6 19. e7 Re8 20. Qd6 Nc6 21. Qxd5+ Kh8 22. Qf7 fxg5 23. Bxg5 Nxe7 24. Bxe7 Qd3 25. Re6 Rf8 26. Bxf8 Rxf8 27. Re8 Rxe8 28. Qxe8+ Kh7 29. h5 gxh5 30. Qxh5+ Kg8 31. Qxg4 Qxc3 32. Qe6+ Kh8 33. Rf3 Qxd4+ 34. Re3 Qb6 35. Qe8+ Kh7 36. Kh1 Qb1+ 37. Kh2 Qg6 38. Rh3+ Bh6 39. Qe7+ Kg8 40. Rg3 Bf4 41. Qe8+ 1-0

[Event "XX Gran Hotel Bali-B 2023"]
[Site "Benidorm"]
[Date "2023.12.02"]
[Round "2.2"]
[White "Lloret Mauri, Jaime"]
[Black "Nordgreen, Jan Thomas"]
[Result "0-1"]
[ECO "B22"]
[WhiteElo "1997"]
[BlackElo "1705"]
[Annotator "NA RC"]
[PlyCount "112"]
[EventDate "2023.12.02"]
[EventType "swiss"]
[EventCountry "ESP"]
[SourceTitle "playchess.com"]
[Source "ChessBase"]
[SourceQuality "1"]
[TimeControl "5400+30"]

1. e4 c5 2. c3 Nf6 3. e5 Nd5 4. Nf3 d6 5. d4 cxd4 6. Qxd4 e6 7. Nbd2 a6 8. Nc4 Nc6 9. Qg4 dxe5 10. Ncxe5 Qc7 11. Nxc6 Qxc6 12. Nd4 Qc7 13. Qf3 Bc5 14. Nb3 Ba7 15. Bg5 Qe5+ 16. Be3 Bxe3 17. fxe3 Nxe3 18. Kd2 Nd5 19. Re1 Qg5+ 20. Kc2 O-O 21. Bd3 Bd7 22. Nd4 Rac8 23. Kb1 Bc6 24. Nxc6 Rxc6 25. Rhf1 Rb6 26. Ka1 Nf6 27. h4 Qd5 28. Qe2 Qh5 29. g4 Qxg4 30. Qf2 Rd6 31. Rg1 Qxg1 32. Bxh7+ Kxh7 33. Rxg1 Rd5 34. a3 Rfd8 35. Qg2 Rd1+ 36. Rxd1 Rxd1+ 37. Ka2 Rd7 38. Qf3 Kg8 39. c4 e5 40. h5 e4 41. Qf5 Re7 42. h6 Re6 43. hxg7 e3 44. Qh3 Nh7 45. Qh1 e2 46. Qe1 f5 47. Kb1 f4 48. Kc2 f3 49. Kd2 Ng5 50. b4 f2 51. Qxe2 Rxe2+ 52. Kxe2 Ne4 53. b5 Kxg7 54. bxa6 bxa6 55. c5 Kf6 56. c6 Ke6 0-1

[Event "XX Gran Hotel Bali-B 2023"]
[Site "Benidorm"]
[Date "2023.12.02"]
[Round "2.3"]
[White "Rios Torondell, Jaume"]
[Black "Talledo Lagos, Cesar Frank"]
[Result "0-1"]
[ECO "B22"]
[WhiteElo "1794"]
[BlackElo "1993"]
[Annotator "NA RC"]
[PlyCount "82"]
[EventDate "2023.12.02"]
[EventType "swiss"]
[EventCountry "ESP"]
[SourceTitle "playchess.com"]
[Source "ChessBase"]
[SourceQuality "1"]
[TimeControl "5400+30"]

1. e4 g6 2. c3 c5 3. d4 cxd4 4. cxd4 Bg7 5. Nc3 d6 6. Be3 Nf6 7. Be2 Nc6 8. Qd2 a6 9. a4 O-O 10. Rd1 Qa5 11. Nf3 Rb8 12. d5 Ne5 13. Nxe5 dxe5 14. O-O Bd7 15. f3 Rfc8 16. Ra1 Qb4 17. a5 Be8 18. Rfc1 Qd6 19. Na4 Bxa4 20. Rxa4 Qd7 21. Rac4 Ne8 22. Qc3 Rxc4 23. Qxc4 h5 24. Bd1 Nd6 25. Qc7 Qe8 26. Qc2 Qb5 27. Qd2 Rc8 28. Rxc8+ Nxc8 29. Be2 Qa4 30. Bc5 Kh7 31. Qb4 Qc2 32. Bf1 Bf6 33. Qc3 Qd1 34. Qd3 Qa1 35. b4 Nd6 36. Bxd6 exd6 37. b5 Bd8 38. bxa6 bxa6 39. Qxa6 Bxa5 40. h3 Qd4+ 41. Kh2 Bb6 0-1

[Event "XX Gran Hotel Bali-B 2023"]
[Site "Benidorm"]
[Date "2023.12.02"]
[Round "2.4"]
[White "Vladut, Matei"]
[Black "Galarreta Santana, Javier"]
[Result "1-0"]
[ECO "D78"]
[WhiteElo "1989"]
[BlackElo "1790"]
[Annotator "NA RC"]
[PlyCount "77"]
[EventDate "2023.12.02"]
[EventType "swiss"]
[EventCountry "ESP"]
[SourceTitle "playchess.com"]
[Source "ChessBase"]
[SourceQuality "1"]
[TimeControl "5400+30"]

1. g3 Nf6 2. Bg2 d5 3. c4 c6 4. Nf3 g6 5. O-O Bg7 6. d4 O-O 7. Nc3 Ne4 8. Qb3 dxc4 9. Qxc4 b5 10. Qd3 Nxc3 11. bxc3 Be6 12. a4 Bc4 13. Qc2 Nd7 14. Nd2 Bxe2 15. Re1 Bg4 16. axb5 Rc8 17. bxc6 Nb8 18. Qa4 Be6 19. Qb5 Rc7 20. Ra3 Qc8 21. d5 Bh3 22. Bh1 Qf5 23. Qe2 Rd8 24. c4 e6 25. Be4 Qf6 26. Ra2 Qd4 27. Nf3 Qc3 28. Bf4 e5 29. Be3 Bg4 30. Rc1 Qb3 31. h3 Bxf3 32. Bxf3 f5 33. Rxa7 Rxa7 34. Bxa7 Qa3 35. Be3 Na6 36. Bg2 e4 37. Bf1 Rb8 38. c5 Bb2 39. Qxa6 1-0

[Event "XX Gran Hotel Bali-B 2023"]
[Site "Benidorm"]
[Date "2023.12.02"]
[Round "2.5"]
[White "San Juan Morigosa, Isaura"]
[Black "Perez Gonzalez, Daniel"]
[Result "0-1"]
[ECO "D20"]
[WhiteElo "1783"]
[BlackElo "1984"]
[Annotator "NA RC"]
[PlyCount "132"]
[EventDate "2023.12.02"]
[EventType "swiss"]
[EventCountry "ESP"]
[SourceTitle "playchess.com"]
[Source "ChessBase"]
[SourceQuality "1"]
[TimeControl "5400+30"]

1. d4 d5 2. c4 dxc4 3. Nc3 a6 4. a4 Nc6 5. Nf3 e5 6. d5 Na5 7. Nd2 Nf6 8. e4 Bb4 9. Qc2 c6 10. dxc6 Qd4 11. Be2 bxc6 12. O-O Bg4 13. Bxg4 Nxg4 14. Nf3 Qd3 15. Qxd3 cxd3 16. Bd2 Nc4 17. h3 Nf6 18. Rac1 Rc8 19. Nb1 Nxd2 20. Nbxd2 Bxd2 21. Nxd2 Ke7 22. Rc5 Nd7 23. Rc3 Rhd8 24. Rfc1 c5 25. b3 f6 26. Rxd3 Nf8 27. Rxd8 Rxd8 28. Nc4 Ne6 29. Nb6 Rd3 30. Nd5+ Kd6 31. Rc3 Rxc3 32. Nxc3 Nd4 33. Kf1 Nxb3 34. Ke2 c4 35. Ke3 Kc5 36. Nd5 Nd4 37. Kd2 a5 38. g3 f5 39. Nc3 Nb3+ 40. Ke3 fxe4 41. Na2 Kd6 42. Nc3 Nc5 43. Nb5+ Kd5 44. Nc3+ Kc6 45. h4 h5 46. Ke2 Nd3 47. Nxe4 Kd5 48. Ke3 Nb2 49. Nc3+ Kc5 50. Na2 Nxa4 51. Ke4 Kd6 52. f4 exf4 53. Kxf4 Nc5 54. Nc3 Ke6 55. Kg5 Ke5 56. Kxh5 Ne4 57. Ne2 a4 58. g4 Ng3+ 59. Nxg3 a3 60. Kg6 a2 61. Nf5 a1=Q 62. Nxg7 Qa6+ 63. Kh7 c3 64. g5 c2 65. h5 c1=Q 66. g6 Qg5 0-1

[Event "XX Gran Hotel Bali-B 2023"]
[Site "Benidorm"]
[Date "2023.12.02"]
[Round "2.6"]
[White "Fabre Massana, Miquel"]
[Black "Nechifor, David"]
[Result "1-0"]
[ECO "B13"]
[WhiteElo "1982"]
[BlackElo "1717"]
[Annotator "NA RC"]
[PlyCount "99"]
[EventDate "2023.12.02"]
[EventType "swiss"]
[EventCountry "ESP"]
[SourceTitle "playchess.com"]
[Source "ChessBase"]
[SourceQuality "1"]
[TimeControl "5400+30"]

1. e4 c6 2. d4 d5 3. exd5 cxd5 4. c4 Nf6 5. Nc3 Nc6 6. Nf3 Bg4 7. cxd5 Nxd5 8. Be2 e6 9. O-O Be7 10. Nxd5 Qxd5 11. Be3 O-O 12. h3 Bh5 13. Ne5 Bxe2 14. Nxc6 Qxc6 15. Qxe2 Rac8 16. Rac1 Qd5 17. b3 Ba3 18. Rc4 b5 19. Rc2 Rxc2 20. Qxc2 Qd7 21. Rd1 Rc8 22. Qd2 Qc7 23. Qe2 Qb7 24. Qh5 Qd5 25. Qxd5 exd5 26. Kf1 Rc2 27. Rd2 Rxd2 28. Bxd2 Bd6 29. Ke2 Kf8 30. Kf3 Ke7 31. g4 Ke6 32. Bf4 Bxf4 33. Kxf4 g6 34. Kg5 f5 35. Kh6 Kf6 36. f4 b4 37. Kxh7 g5 38. fxg5+ Kxg5 39. gxf5 Kxf5 40. h4 Ke4 41. h5 Kxd4 42. Kg6 Kc3 43. h6 d4 44. h7 d3 45. h8=Q+ Kc2 46. Qc8+ Kb2 47. Qd7 Kc2 48. Qc6+ Kd1 49. Qc4 d2 50. Qxb4 1-0

[Event "XX Gran Hotel Bali-B 2023"]
[Site "Benidorm"]
[Date "2023.12.02"]
[Round "2.7"]
[White "Sempere Domenech, Abel"]
[Black "Urios Hernandez, Ramon"]
[Result "1-0"]
[ECO "E92"]
[WhiteElo "1981"]
[BlackElo "1775"]
[Annotator "NA RC"]
[PlyCount "125"]
[EventDate "2023.12.02"]
[EventType "swiss"]
[EventCountry "ESP"]
[SourceTitle "playchess.com"]
[Source "ChessBase"]
[SourceQuality "1"]
[TimeControl "5400+30"]

1. d4 Nf6 2. c4 g6 3. Nc3 Bg7 4. e4 d6 5. Be2 O-O 6. Nf3 e5 7. d5 Nbd7 8. Bg5 h6 9. Bh4 Nc5 10. Nd2 a5 11. O-O Bd7 12. b3 Qe8 13. a3 Nh7 14. Nb5 Bxb5 15. cxb5 Bf6 16. Bxf6 Nxf6 17. Qc2 Qb8 18. b4 axb4 19. axb4 Rxa1 20. Rxa1 Ncd7 21. Rc1 Ne8 22. Qc3 Nb6 23. h4 Qd8 24. Qg3 Kh7 25. h5 Qg5 26. hxg6+ fxg6 27. Qxg5 hxg5 28. Bg4 Rf7 29. Be6 Rf4 30. g3 Rf8 31. Kg2 Kg7 32. Nb3 Kf6 33. Na5 Ng7 34. Bg4 Na8 35. Ra1 Rb8 36. Nc4 Ke7 37. Ra7 b6 38. Nd2 Nh5 39. Ra1 Nf6 40. Be6 Rh8 41. Nf3 Nxe4 42. Rh1 Rf8 43. Rh7+ Kf6 44. Nh2 g4 45. Nxg4+ Kg5 46. f3 Nc3 47. Nf2 Kf6 48. g4 g5 49. Bf5 e4 50. Nxe4+ Nxe4 51. Bxe4 Ke5 52. Kg3 Kd4 53. Rg7 Kc4 54. Rxg5 Kxb4 55. Bd3 Kc3 56. Bf5 Rd8 57. Be6 Kb4 58. Rg8 Rxg8 59. Bxg8 Kxb5 60. g5 c5 61. g6 c4 62. g7 c3 63. Bh7 1-0

[Event "XX Gran Hotel Bali-B 2023"]
[Site "Benidorm"]
[Date "2023.12.02"]
[Round "2.8"]
[White "Tudela Gonzalez, Victor"]
[Black "Patel, Palak"]
[Result "1-0"]
[ECO "A85"]
[WhiteElo "1957"]
[BlackElo "1779"]
[Annotator "NA RC"]
[PlyCount "87"]
[EventDate "2023.12.02"]
[EventType "swiss"]
[EventCountry "ESP"]
[SourceTitle "playchess.com"]
[Source "ChessBase"]
[SourceQuality "1"]
[TimeControl "5400+30"]

1. d4 d5 2. c4 c6 3. Nf3 e6 4. e3 Nd7 5. b3 Bd6 6. Bb2 f5 7. Bd3 Ngf6 8. O-O Ne4 9. Nc3 O-O 10. Ne2 Qf6 11. Ne1 Qh6 12. f4 Ndf6 13. h3 Bd7 14. Nf3 Be8 15. Qe1 Bh5 16. Qh4 Qg6 17. Ne5 Qe8 18. Kh1 Be7 19. Qe1 Bxe2 20. Bxe2 Nh5 21. Kh2 Nhg3 22. Rf3 Bh4 23. Bd3 Qd8 24. Rc1 Nh5 25. Qb4 Qc7 26. g4 a5 27. Qa4 fxg4 28. hxg4 Bg3+ 29. Kg2 Nhf6 30. Rxg3 Nxg3 31. Kxg3 Nd7 32. Rh1 g6 33. Nf3 Nf6 34. Ba3 Rfe8 35. Bc1 b5 36. Qa3 bxc4 37. bxc4 dxc4 38. Bxc4 Ne4+ 39. Kg2 Rab8 40. Qd3 Nf6 41. Ng5 Qd7 42. f5 Nd5 43. Rxh7 Qd6 44. f6 1-0